 Dungeon Crawl Stone Soup version 0.18-a0-1721-gc4d1f22 (webtiles) character file.

55 Duffy the Digger (level 4, -1/30 HPs)
             Began as a Formicid Earth Elementalist on Apr 9, 2016.
             Killed by divine providence
             ... invoked by an orc priest
              (16 damage)
             ... on level 2 of the Dungeon.
             The game lasted 00:03:39 (2190 turns).

Duffy the Digger (Formicid Earth Elementalist)      Turns: 2190, Time: 00:03:39

Health: -1/30      AC:  2    Str: 12    XL:     4   Next: 14%
Magic:  2/8        EV: 12    Int: 15    God:
Gold:   55         SH:  0    Dex: 12    Spells: 3 memorised, 3 levels left

rFire  . . .     SeeInvis +     b - 61 stones
rCold  . . .     Gourm    .     a - +0 robe
rNeg   . . .     Faith    .     (no shield)
rPois  .         Spirit   .     (helmet unavailable)
rElec  .         Dismiss  .     (no cloak)
rCorr  .         Reflect  .     (no gloves)
SustAt .         Harm     .     (no boots)
MR     .....                    (no amulet)
Stlth  ++........               (no ring)
                                (no ring)

@: not resistant to hostile enchantments, unstealthy
A: permanent stasis, dig shafts and tunnels, four strong arms, antennae 3
a: Dig, Shaft Self


You were on level 2 of the Dungeon.
You were not hungry.

You visited 1 branch of the dungeon, and saw 3 of its levels.

You collected 55 gold pieces.


Innate Abilities, Weirdness & Mutations

You are under a permanent stasis effect.
You can dig through walls and to a lower floor.
Your four strong arms can wield two-handed weapons with a shield.
You have a pair of large antennae on your head (SInv).


   Skills:
 - Level 1.7 Dodging
 - Level 2.4 Stealth
 + Level 3.2 Spellcasting
 - Level 1.1 Transmutations
 + Level 4.8 Earth Magic


You had 3 spell levels left.
You knew the following spells:

 Your Spells              Type           Power        Failure   Level  Hunger
a - Sandblast             Erth           ###...       2%          1    #......
c - Stone Arrow           Conj/Erth      #.....       24%         3    ###....
P - Passwall              Trmt/Erth      ##........   12%         2    ##.....

Inventory:

Missiles
 b - 61 stones (in hand)
 n - 20 poisoned needles
Armour
 a - a +0 robe (worn)
Jewellery
 r - an uncursed ring of fire
Scrolls
 g - 3 scrolls of identify {unknown}
 i - 2 scrolls of enchant weapon {unknown}
 l - 2 scrolls of noise {unknown}
 m - a scroll of fear {unknown}
 s - 2 scrolls of teleportation {unknown}
 u - a scroll of enchant armour {unknown}
Potions
 e - a potion of heal wounds {unknown}
 f - a potion of magic {unknown}
 h - 2 potions of flight {unknown}
 j - a potion of ambrosia {unknown}
 o - a potion of mutation {unknown}
 p - a potion of curing {unknown}
 q - a potion of cancellation {unknown}
Books
 c - a book of Geomancy
Comestibles
 d - 2 bread rations
 k - 3 fruits
 t - a chunk of flesh

Dungeon Overview and Level Annotations

Branches:
Dungeon (3/15)

Altars:


Message History

The orc misses you.
Cast which spell? (? or * to list)
Aiming: Sandblast
Press: ? - help, Shift-Dir - straight line, f/p - orc
Aim: an orc, wielding a club and wearing a chain mail (severely wounded)
The rocky blast hits the orc.
The orc is severely wounded.
The orc priest closely misses you. The orc hits you with a club.
Cast which spell? (? or * to list)
You don't have enough magic to cast that spell.
Cast which spell? (? or * to list)
You don't have enough magic to cast that spell.
The orc misses you.
The orc shouts!
There is a stone staircase leading up here.
The orc priest hits you with a club.
You climb upwards.
There is a stone staircase leading down here.
Cast which spell? (? or * to list)
Aiming: Sandblast
Press: ? - help, Shift-Dir - straight line, f - orc priest
Aim: an orc priest, wielding a club The rocky blast misses the orc priest.
The orc closely misses you. The orc priest closely misses you.
The orc closely misses you.
The orc priest calls down the wrath of Beogh upon you.
Pain shoots through your body!
Your magical contamination has completely faded away.
The orc priest casts a cantrip, but nothing happens.
You extend your mandibles.
You dig through the rock wall.
The orc priest calls down the wrath of Beogh upon you.
Beogh smites you!
Ouch! That really hurt!
You die...

###..###......###..#
##..##.....#..<..##
#......######..###
#o#.##.# #.......##
#.#.##.# #.#####.##
#.#.##.###.## #.##
##o#.........####.##
#..#...........##.##
#.#@........##..#...
#.#.>.......###..#.#
####.#.........####.#..
###............).........
#................####....
#................# ##....
#................# #.....
###..............# #.....
#..........##..###.....


You could see an orc priest and an orc.

Action                   |  1- 3 |  4- 6 || total
-------------------------+-------+-------++-------
Melee: Unarmed           |     2 |       ||     2
 Cast: Sandblast         |    85 |    32 ||   117
 Abil: Dig               |     3 |     1 ||     4
  Eat: Chunk             |     3 |     2 ||     5

Notes
Turn   | Place    | Note
--------------------------------------------------------------
     0 | D:1      | Duffy the Formicid Earth Elementalist began the quest for the Orb.
     0 | D:1      | Reached XP level 1. HP: 13/13 MP: 3/3
   148 | D:1      | Reached XP level 2. HP: 18/19 MP: 0/5
   278 | D:1      | Reached skill level 4 in Earth Magic
   329 | D:1      | Learned a level 2 spell: Passwall
   830 | D:1      | Reached XP level 3. HP: 24/24 MP: 4/7
  1056 | D:1      | Learned a level 3 spell: Stone Arrow
  1219 | D:1      | Reached skill level 3 in Spellcasting
  1726 | D:2      | Reached XP level 4. HP: 26/30 MP: 4/8
  2190 | D:2      | Killed from afar by an orc priest

Vault maps used:
D:1:      dpeg_arrival_prison
D:2:      st_stairs_8
D:3:      grunt_ministairs_2

Vanquished Creatures
  A dart slug
  A giant gecko
  8 bats
  6 giant cockroaches
  7 goblins
  2 hobgoblins
  3 jackals
  4 kobolds
  2 quokkas
  A giant newt
  12 rats
47 creatures vanquished.
